 Dungeon Crawl Stone Soup version 0.29-a0-789-g7a8fcbc185 (webtiles) character file.

Game seed: 10982351514988203134

51 bande the Covered (level 3, -2/24 HPs)
             Began as a Gargoyle Fighter on July 3, 2022.
             Splashed by a jelly's acid (8 damage)
             ... on level 3 of the Dungeon.
             The game lasted 00:04:01 (2084 turns).

bande the Covered (Gargoyle Fighter)                Turns: 2084, Time: 00:04:03

Health: -2/24      AC: 10    Str: 19    XL:     3   Next: 83%
Magic:  3/3        EV:  7    Int:  8    God:
Gold:   94         SH:  4    Dex: 11    Spells: 1/2 levels left

rFire   . . .      SeeInvis .   a - +0 war axe
rCold   . . .      Faith    .   c - +0 buckler
rNeg    + . .      Spirit   .   i - +0 chain mail
rPois   ∞          Reflect  .   (no helmet)
rElec   +          Harm     .   (no cloak)
rCorr   .          Rampage  .   (no gloves)
Will    .....                   f - +1 pair of boots
Stlth   ..........              (no amulet)
HPRegen 0.08/turn               (no ring)
MPRegen 0.08/turn               (no ring)

@: corroded
A: sickness immunity, AC +3, negative energy resistance 1, electricity
resistance, torment resistance 1, petrification resistance
a: no special abilities


You were on level 3 of the Dungeon.
You visited 1 branch of the dungeon, and saw 3 of its levels.

You collected 94 gold pieces.

Inventory:

Hand Weapons
 a - a +0 war axe (weapon)
Armour
 c - a +0 buckler (worn)
 f - a +1 pair of boots (worn)
 i - a +0 chain mail (worn)
Jewellery
 b - a ring of fire
Potions
 d - 4 potions of might
 e - 2 potions of resistance
 g - a potion of attraction {unknown}
 h - 4 potions of haste
 j - 3 potions of heal wounds


   Skills:
 + Level 3.7 Fighting
 + Level 2.7 Axes
 + Level 3.8 Armour
 + Level 3.5 Shields


You had one spell level left.
You knew the following spells:

 Your Spells              Type           Power      Damage    Failure   Level
a - Apportation           Tloc           0%         N/A       100%        1

Your spell library contained the following spells:

 Spells                   Type           Power      Damage    Failure   Level
 Necrotize                Necr           0%         1d4       100%        1
 Shock                    Conj/Air       0%         1d3       100%        1
 Summon Small Mammal      Summ           0%         N/A       100%        1
 Ensorcelled Hibernation  Hex/Ice        0%         N/A       100%        2
 Spider Form              Tmut/Pois      0%         N/A       100%        3
 Swiftness                Air            0%         N/A       100%        3
 Airstrike                Air            0%         0-1+      100%        4
 Anguish                  Hex/Necr       0%         N/A       100%        4


Dungeon Overview and Level Annotations

Branches:
Dungeon (3/15)

Altars:

Shops:
D:1 =


Innate Abilities, Weirdness & Mutations

You are immune to sickness and miasma.
Your stone body is resilient. (AC +3)
You are immune to poison.
You resist negative energy. (rN+)
You are resistant to electric shocks. (rElec)
You are resistant to unholy torment.
You are immune to petrification.


Message History

You closely miss the quokka.
The quokka bites you but does no damage.
The quokka barely misses you.
You barely miss the quokka. You block the quokka's attack.
You hit the quokka but do no damage. The quokka bites you.
The quokka barely misses you.
You closely miss the quokka.
The quokka bites you but does no damage.
The quokka bites you.
You barely miss the quokka.
The quokka bites you but does no damage.
You slash the quokka!
You kill the quokka!
No target in view!
HP restored.
You see here a quokka corpse.
A jelly comes into view.
A jelly is nearby!
Found 12 gold pieces.
A giant cockroach comes into view.
The jelly hits you but does no damage.
You slash the jelly!
Your hands burn!
The jelly is severely wounded.
You closely miss the giant cockroach. You block the giant cockroach's attack.
The jelly hits you.
You are splashed with acid!
The giant cockroach barely misses you.
You are too injured to fight recklessly!
You are too injured to fight recklessly!
You are too injured to fight recklessly!
Unknown command.
The giant cockroach attacks as you move away!
The giant cockroach barely misses you.
The giant cockroach waves its antennae.
The jelly jiggles.
You hit the jelly.
Your hands burn!
* * * LOW HITPOINT WARNING * * *
The jelly is almost dead.
The jelly closely misses you. The jelly hits you.
* * * LOW HITPOINT WARNING * * *
The acid corrodes you!
You are splashed with acid!
You die...

##..##..###..####..#..##
#...........#####.....#
#........####....†.##.#
#.......####..###.......#
#.......##...####..#..#.#
#..........###........#
####.....#.###........#
.).####B..#........#
....##.@J.....#..####
...$...###...##.##
....### ###....# ###
##..# ###


You could see a jelly and a giant cockroach.

Vanquished Creatures
  An adder (D:2)
  A dart slug (D:2)
  3 ball pythons
  3 endoplasms
  3 giant cockroaches
  4 hobgoblins
  4 quokkas
  3 bats
  5 frilled lizards
  2 goblins (D:1)
  5 kobolds
  5 rats
39 creatures vanquished.

Notes
Turn   | Place    | Note
-------+----------+-------------------------------------------
     0 | D:1      | bande the Gargoyle Fighter began the quest for the Orb.
     0 | D:1      | Reached XP level 1. HP: 14/14 MP: 1/1
   686 | D:1      | Reached XP level 2. HP: 18/19 MP: 2/2
  1126 | D:1      | Found Kunn's Jewellery Boutique.
  1253 | D:1      | Found a faded altar of an unknown god.
  1428 | D:2      | Reached XP level 3. HP: 23/23 MP: 3/3
  1776 | D:2      | Learned a level 1 spell: Apportation
  2084 | D:3      | Splashed by a jelly's acid

Illustrated notes

Levels and vault maps discovered:
D:1:      dpeg_arrival_boxorama, layout_basic, serial_shops,
          nicolae_shop_crystal, ebering_ecumenical_altar_box
D:2:      layout_rooms
D:3:      layout_rooms, lexackson_kobold_supper

Skill      XL: |  1  2 |
---------------+-------+-----
Axes           | 2 |  2.7
Fighting       | |  3.7
Armour         | |  3.8
Shields        | |  3.5

Action                   || total
-------------------------++-------
Melee: War axe           ||   145
  Use: Scroll            ||     7
Armor: Scale mail        ||    43
       Chain mail        ||    73
Dodge: Dodged            ||    64
Block: Buckler           ||    35

Table legend: (Time is in decaauts)
 A = Elapsed time spent in this place.
 B = Non-inter-level travel time spent in this place.
 C = Inter-level travel time spent in this place.
 D = Time resting spent in this place.
 E = Time spent auto-exploring this place.
 F = Levels seen in this place.
 G = Mean time per level.
                   A        B        C        D        E       F      G
               +--------+--------+--------+--------+--------+-----+--------+
         Total |   2147 |   2147 |      0 |    506 |   1145 |   3 |  715.7 |
       Dungeon |   2147 |   2147 |      0 |    506 |   1145 |   3 |  715.7 |
               +--------+--------+--------+--------+--------+-----+--------+

Top non-repeatable levels by time:
     D:1: 1468 daAuts
     D:2: 540 daAuts
     D:3: 137 daAuts
